 Dungeon Crawl Stone Soup version 0.30.1-9-gdf580d7c3d (webtiles) character file.

Game seed: 4216894206712954663

5085 Danienth the Cleaver (level 10, -21/86 HPs)
             Began as a Minotaur Fighter on Sept 25, 2023.
             Was a Believer of Okawaru.
             Demolished by a white ugly thing (35 damage)
             ... on level 8 of the Dungeon.
             The game lasted 00:43:55 (8188 turns).

Danienth the Cleaver (Minotaur Fighter)             Turns: 8188, Time: 00:43:55

Health: -21/86     AC: 16    Str: 23    XL:     10   Next: 31%
Magic:  9/9        EV: 11    Int: 13    God:    Okawaru [**....]
Gold:   541        SH:  8    Dex: 10    Spells: 9/9 levels left

rFire   . . .        G - +3 hand axe (flame)
rCold   . . .        c - +3 buckler
rNeg    . . .        t - +4 ring mail of Lagulo {Stlth+}
rPois   .            m - +2 hat
rElec   .            I - +0 cloak
rCorr   .            (no gloves)
SInv    +            B - +1 pair of boots
Will    .....        l - amulet of faith
Stlth   ++           E - ring of see invisible
HPRegen 0.34/turn    K - +6 ring of intelligence
MPRegen 0.11/turn

%: faith
@: hasted, very quick
A: horns 2, retaliatory headbutt
a: Renounce Religion, Heroism


You were on level 8 of the Dungeon.
You worshipped Okawaru.
Okawaru was pleased with you.
You visited 2 branches of the dungeon, and saw 9 of its levels.
You also visited: Sewer.

You collected 541 gold pieces.

Inventory:

Hand Weapons
 a - a +0 war axe
 g - a +0 sling
 j - a +0 dagger of venom
 s - a +2 antimagic spear
 D - a +1 whip of freezing
 G - a +3 hand axe of flaming (weapon)
 H - a +3 quarterstaff of chaos
 J - a +0 hammer
 M - a +3 short sword
Missiles
 i - 6 boomerangs (quivered)
 v - 24 poisoned darts
 w - 2 javelins
Armour
 b - a +0 scale mail
 c - a +3 buckler (worn)
 m - a +2 hat (worn)
 t - the +4 ring mail of Lagulo (worn) {Stlth+}
   (You took it off a hobgoblin on level 4 of the Dungeon)

   Stlth:     It makes you more stealthy.
 B - a +1 pair of boots (worn)
 I - a +0 cloak (worn)
 O - a +0 ring mail of cold resistance
Jewellery
 l - an amulet of faith (around neck)
 q - a ring of fire
 E - a ring of see invisible (left hand)
 K - a +6 ring of intelligence (right hand)
Wands
 d - a wand of flame (22)
 N - a wand of mindburst (6)
 R - a wand of iceblast (9)
Scrolls
 f - 2 scrolls of amnesia
 x - 3 scrolls of teleportation
 y - a scroll of blinking
 C - 2 scrolls of noise
 P - a scroll of magic mapping
 Q - a scroll of torment
 U - a scroll of brand weapon {unknown}
Potions
 e - 2 potions of lignification
 h - 2 potions of heal wounds
 k - 4 potions of curing
 n - 2 potions of resistance
 o - 2 potions of magic
 p - a potion of berserk rage
 r - 3 potions of degeneration
 u - 3 potions of attraction
 z - a potion of brilliance
 L - 2 potions of flight
 S - a potion of ambrosia
 T - a potion of might


   Skills:
 * Level 7.3 Fighting
 * Level 10.2(10.5) Axes
 - Level 3.5(7.4) Polearms
 * Level 6.3 Throwing
 * Level 8.2 Armour
 - Level 3.0 Dodging
 + Level 2.7 Stealth
 * Level 7.3 Shields


You had 9 spell levels left.
You didn't know any spells.
Your spell library contained the following spells:

 Spells                   Type           Power      Damage    Failure   Level
 Hailstorm                Conj/Ice       0%         3d3       85%         3
 Ozocubu's Armour         Ice            0%         N/A       85%         3
 Petrify                  Tmut/Erth      0%         N/A       99%         4


Dungeon Overview and Level Annotations

Branches:
Dungeon (8/15)             Temple (1/1) D:5           Sewer (visited)
   Lair: D:8-11

Altars:
Ashenzari
Cheibriados
Dithmenos
Fedhas
Gozag
Hepliaklqana
Kikubaaqudgha
Makhleb
Okawaru
Qazlal
Ru
Sif Muna
Trog
Uskayaw
Vehumet
Xom
Zin
The Shining One

Annotations:
D:8 Grum


Innate Abilities, Weirdness & Mutations

You have a pair of horns on your head.
You reflexively headbutt those who attack you in melee.


Message History

It was a scroll of torment.
The wolf barely misses you.
You are too injured to fight recklessly!
You are too injured to fight recklessly!
You feel better. The wolf bites you.
A white ugly thing comes into view.
You hit the wolf. You burn the wolf.
The wolf is almost dead.
You closely miss the wolf. The wolf barely misses you. You furiously retaliate!
You headbutt the wolf.
The wolf bites you but does no damage. x2
You barely miss the wolf. You headbutt the wolf.
You kill the wolf!
Okawaru accepts your kill.
You hit the wolf. You burn the wolf. The wolf bites you but does no damage.
You closely miss the wolf.
The wolf is severely wounded.
You block the wolf's attack.
You hit the wolf but do no damage.
The wolf is severely wounded.
The wolf bites you. You block the wolf's attack.
You are too injured to fight recklessly!
Cleave: G) +3 hand axe (flame)
Press: ? - help, Dir - move target, f/p - wolf
Aim: a wolf (severely wounded, about 45% to evade your +3 hand axe of flaming)
You hit the wolf. You burn the wolf.
You kill the wolf!
Okawaru accepts your kill.
You fail to use your ability.
You are too injured to fight recklessly!
Cleave: G) +3 hand axe (flame)
Press: ? - help, Dir - move target, f - white ugly thing
Aim: a white ugly thing (about 31% to evade your +3 hand axe of flaming)
You slash the white ugly thing! You burn the white ugly thing.
The white ugly thing is lightly wounded.
The white ugly thing punches you. The white ugly thing freezes you!
* * * LOW HITPOINT WARNING * * *
Grum closely misses you.
You feel yourself speed up. The white ugly thing punches you!
* * * LOW HITPOINT WARNING * * *
The white ugly thing freezes you!!
You die...

# .. ... ########
.... .#....#
#....###......####
#.gu†##..........
##@.#....# #.###
#........## #.#....
##.........# #......
#..........######.##
#............####.#
#..........#..##..##
#.................##
#........)..........
##..................


You could see a white ugly thing and Grum.

Vanquished Creatures
  The ghost of coolio the Conjurer, a novice DsCj of Vehumet (D:6)
  Pikel (D:7)
  Joseph (D:8)
  A kobold demonologist (D:8)
  A shadow (D:6)
  A wyvern (D:8)
  A water moccasin (D:3)
  An orc warrior (D:6)
  4 ice beasts
  2 ogres (D:6)
  2 wolves (D:8)
  3 centaurs
  4 phantoms
  5 bullfrogs
  4 kobold brigands (Sewer)
  2 scorpions
  4 killer bees (D:8)
  4 howler monkeys
  A bullfrog zombie (D:6)
  A centaur zombie (D:6)
  Crazy Yiuf (D:3)
  A gnoll bouda (D:6)
  3 hounds
  A jelly (D:6)
  An iguana (D:5)
  A sleepcap (D:5)
  8 orc wizards
  5 gnolls (D:6)
  9 adders
  4 river rats
  2 white imps
  An ufetubus (D:5)
  3 worms (D:2)
  3 dart slugs
  19 orcs
  9 ball pythons
  4 bats
  9 endoplasms
  A giant cockroach (D:3)
  5 goblins
  8 hobgoblins
  8 jackals
  3 quokkas
  10 frilled lizards
  13 kobolds
  14 rats
190 creatures vanquished.

Vanquished Creatures (collateral kills)
  A rat (D:2)
1 creature vanquished.

Grand Total: 191 creatures vanquished

Notes
Turn   | Place    | Note
-------+----------+-------------------------------------------
     0 | D:1      | Danienth the Minotaur Fighter began the quest for the Orb.
     0 | D:1      | Reached XP level 1. HP: 19/19 MP: 0/0
    58 | D:1      | Got Nuomn's Compendium of the Chilled Xenotype
   151 | D:1      | Reached XP level 2. HP: 27/27 MP: 1/1
   535 | D:1      | Found a faded altar of an unknown god.
   912 | D:2      | Found a bloodstained altar of Trog.
   916 | D:2      | Reached skill level 3 in Axes
  1179 | D:2      | Reached XP level 3. HP: 27/33 MP: 2/2
  1524 | D:3      | Noticed a water moccasin
  1745 | D:3      | Killed a water moccasin
  1746 | D:3      | Reached skill level 4 in Axes
  1746 | D:3      | Reached skill level 1 in Throwing
  1746 | D:3      | Reached skill level 1 in Dodging
  1746 | D:3      | Reached XP level 4. HP: 30/40 MP: 3/3
  1746 | D:3      | Reached XP level 5. HP: 34/46 MP: 4/4
  1801 | D:4      | Reached skill level 5 in Axes
  2022 | D:4      | Identified the +4 ring mail of Lagulo {Stlth+}
  2139 | D:4      | Reached XP level 6. HP: 52/53 MP: 1/5
  2240 | D:4      | Found a glowing drain.
  2256 | Sewer    | Entered a sewer
  2688 | Sewer    | Reached skill level 1 in Polearms
  2688 | Sewer    | Reached skill level 5 in Armour
  2912 | Sewer    | Reached XP level 7. HP: 49/60 MP: 2/6
  4136 | D:3      | Found a runed translucent door.
  4137 | D:3      | Noticed Crazy Yiuf
  5098 | D:3      | Killed Crazy Yiuf
  5099 | D:3      | Reached skill level 5 in Fighting
  5670 | D:5      | Entered Level 5 of the Dungeon
  5720 | D:5      | Found a staircase to the Ecumenical Temple.
  5767 | D:6      | Reached skill level 1 in Stealth
  5767 | D:6      | Reached XP level 8. HP: 63/68 MP: 7/7
  5781 | D:6      | Reached skill level 6 in Axes
  5787 | D:6      | Reached skill level 5 in Shields
  5905 | D:7      | Found a blossoming altar of Fedhas.
  6167 | D:7      | Found a shimmering blue altar of Sif Muna.
  6226 | D:7      | Noticed Pikel
  6233 | D:7      | Killed Pikel
  6234 | D:7      | Reached skill level 7 in Axes
  6306 | D:6      | Found a large runed translucent door.
  6306 | D:6      | Found a large runed translucent door.
  6316 | D:6      | Noticed coolio's ghost (novice DsCj)
  6346 | D:6      | Reached XP level 9. HP: 65/75 MP: 8/8
  6532 | D:6      | Reached skill level 8 in Axes
  6697 | D:6      | Found a hazy altar of Hepliaklqana.
  6784 | D:6      | Reached skill level 5 in Throwing
  7068 | Temple   | Entered the Ecumenical Temple
  7098 | Temple   | Became a worshipper of Warmaster Okawaru
  7231 | D:5      | Reached skill level 9 in Axes
  7578 | D:6      | Killed coolio's ghost
  7578 | D:6      | Reached * piety under Okawaru
  7691 | D:8      | Reached XP level 10. HP: 86/86 MP: 9/9
  7777 | D:8      | Noticed Joseph
  7797 | D:8      | Killed Joseph
  7797 | D:8      | Reached ** piety under Okawaru
  7933 | D:8      | Noticed a smoke demon
  7934 | D:8      | Noticed a sixfirhy
  7950 | D:8      | Reached skill level 10 in Axes
  8176 | D:8      | Noticed Grum
  8180 | D:8      | Noticed a white ugly thing
  8188 | D:8      | Demolished by a white ugly thing

Illustrated notes

Levels and vault maps discovered:
D:1:      sevenhm_arrival_forest_fort_large_4, layout_basic,
          ebering_ecumenical_altar_petrified, minmay_cupped
D:2:      layout_basic, basic_altar, minivault_14
D:3:      layout_loops_corners, uniq_crazy_yiuf_cottage
D:4:      layout_gridville, portal_sewer_entry_b
D:5:      layout_rooms, minmay_temple_entry_purple_smoke,
          dreamdust_mushroom_princess
D:6:      minmay_chambers_of_sixes, layout_rooms, mainiacjoe_overflow_24_doors,
          ebering_ghost_disaster_area, serial_undead, serial_undead_e,
          serial_undead_b, serial_undead_d, serial_undead_d
D:7:      layout_gridville, tgw_sif, fedhas_altar_3,
          chequers_temple_overflow_statue_of_worship, uniq_pikel
D:8:      layout_rooms, uniq_grum, uniq_joseph
Temple:   regret_index_temple_waves

Skill      XL: |  1  2  3  4  5  6  7  8  9 10 |
---------------+-------------------------------+-----
Armour         | 4 5 6 7 8 |  8.2
Axes           | 3 4 5 7 9 10 | 10.2
Fighting       | 4 5 6 7 |  7.3
Throwing       | 1 2 3 4 6 |  6.3
Dodging        | 1 2 3 |  3.0
Shields        | 4 6 7 |  7.3
Polearms       | 2 3 |  3.5
Stealth        | 1 2 |  2.7

Action                     |  1- 3 |  4- 6 |  7- 9 | 10-12 || total
---------------------------+-------+-------+-------+-------++-------
  Melee: War axe           |    75 |    23 |       |       ||    98
         Headbutt          |     5 |    15 |    54 |    11 ||    85
         Spear             |       |    61 |   138 |       ||   199
         Hand axe          |       |       |   158 |    39 ||   197
  Throw: Javelin           |    14 |     5 |       |       ||    19
         Boomerang         |       |    24 |    60 |     4 ||    88
 Invoke: Heroism           |       |       |       |     1 ||     1
    Use: Scroll            |     1 |     7 |    11 |     7 ||    26
         Potion            |       |       |     6 |     6 ||    12
   Stab: Sleeping          |       |       |    12 |       ||    12
         Distracted        |       |       |     1 |       ||     1
 Armour: Scale mail        |    36 |    18 |       |       ||    54
         Ring mail         |       |    10 |    80 |    19 ||   109
  Dodge: Dodged            |    21 |    24 |    87 |    25 ||   157
  Block: Buckler           |    13 |    16 |    74 |    22 ||   125
